 Dungeon Crawl Stone Soup version 0.31.0-11-ge490571c62 (webtiles) character file.

Game seed: 12522487509126004542

175 qw the Ducker (level 5, -3/26 HPs)
             Began as a Spriggan Hunter on Feb 3, 2024.
             Slain by a cerulean imp
             ... wielding a +1 spear
             ... summoned by Natasha
              (5 damage)
             ... on level 3 of the Dungeon.
             The game lasted 00:00:38 (1661 turns).

qw the Ducker (Spriggan Hunter)                     Turns: 1661, Time: 00:00:38

Health: -3/26      AC:  4    Str:  7    XL:     5   Next: 29%
Magic:  6/6        EV: 21    Int: 10    God:
Gold:   90         SH:  0    Dex: 21    Spells: 4/4 levels left

rFire   . . .        a - +1 shortbow
rCold   . . .        (shield currently unavailable)
rNeg    . . .        c - +0 robe
rPois   .            (helmet restricted)
rElec   .            f - +1 cloak
rCorr   .            (gloves unavailable)
SInv    +            (boots unavailable)
Will    .....        (no amulet)
Stlth   ++           (no ring)
HPRegen 0.24/turn    (no ring)
MPRegen 0.10/turn

%: no passive effects
@: very quick
A: very small, no large weapons, unfitting armour, see invisible, speed 3
a: no special abilities


You were on level 3 of the Dungeon.
You visited 1 branch of the dungeon, and saw 3 of its levels.

You collected 90 gold pieces.


Innate Abilities, Weirdness & Mutations

You are very small and have problems with some larger weapons.
You are too small for most types of armour.
You have supernaturally acute eyesight. (SInv)
You cover ground extremely quickly. (Speed+++)


   Skills:
 - Level 2.0 Fighting
 + Level 5.2 Ranged Weapons
 - Level 5.5 Dodging
 - Level 1.5 Stealth


You had 4 spell levels left.
You didn't know any spells.
Your spell library was empty.

Inventory:

Hand Weapons
 a - a +1 shortbow (weapon)
Armour
 c - a +0 robe (worn)
 f - a +1 cloak (worn)
Potions
 b - a potion of might {unknown}
 d - 2 potions of curing
 g - a potion of enlightenment {unknown}
 h - a potion of haste {unknown}

Dungeon Overview and Level Annotations

Branches:
Dungeon (3/15)

Altars:
Elyvilon

Annotations:
D:3 Natasha


Message History

The iguana misses you. The cerulean imp misses you.
You shoot an arrow. The arrow hits the iguana.
The iguana is almost dead.
The iguana misses you. The cerulean imp barely misses you.
The iguana hisses menacingly.
The iguana closely misses you.
You shoot an arrow. The arrow hits the iguana.
You kill the iguana!
Natasha casts a spell at you. The magic dart hits you.
The cerulean imp closely misses you. The cerulean imp barely misses you.
Natasha growls.
Your Fighting skill increases to level 2!
You shoot an arrow. The arrow hits the orc.
The orc is severely wounded.
The orc completely misses you.
The cerulean imp hits you from afar with a +1 spear.
You shoot an arrow. The arrow hits the orc.
You kill the orc!
The cerulean imp hits you from afar with a +1 spear.
You shoot an arrow. The arrow closely misses Natasha.
The arrow hits the cerulean imp!
You kill the cerulean imp!
The cerulean imp disappears in a puff of smoke!
Natasha completely misses you.
You shoot an arrow. The arrow hits Natasha.
Natasha is moderately wounded.
Natasha casts a spell.
Natasha claws you!
You shoot an arrow. The arrow closely misses Natasha.
Natasha casts a spell at you.
You easily resist.
You shoot an arrow. The arrow closely misses Natasha.
The cerulean imp misses you. Natasha misses you.
You shoot an arrow. The arrow closely misses Natasha.
The cerulean imp hits you from afar with a +1 spear.
Natasha misses you.
You shoot an arrow. The arrow closely misses Natasha.
The cerulean imp hits you from afar with a +1 spear.
You die...

#............)).....#
#######'#'###.......#
#.#.# #....)..# #.#.#
+.......# #.#.#
#.......# #.#.#
#........# #.#.#
#######...# #.#.#
...# #@#.. #h# 5).
..#.. .#. #.. ...#
..# #. . ..# # .# ##


You could see Natasha and a cerulean imp (summoned).

Vanquished Creatures
  A bombardier beetle (D:3)
  2 orc priests (D:3)
  An iguana (D:3)
  An adder (D:2)
  2 dart slugs
  4 orcs (D:3)
  An endoplasm (D:1)
  3 giant cockroaches
  5 goblins
  5 hobgoblins
  3 quokkas
  4 ball pythons
  2 bats (D:2)
  A frilled lizard (D:3)
  2 kobolds
  3 rats
40 creatures vanquished.

Notes
Turn   | Place    | Note
-------+----------+-------------------------------------------
     0 | D:1      | qw the Spriggan Hunter began the quest for the Orb.
     0 | D:1      | Reached XP level 1. HP: 10/10 MP: 2/2
     0 | D:1      | 0 ||| qw: Version: 0.3-a-155-g5e7d8dd
     0 | D:1      | 0 ||| qw: Game counter: 3442
     0 | D:1      | 0 ||| qw: Melee chars always use a shield: true
     0 | D:1      | 0 ||| qw: God list: Okawaru
     0 | D:1      | 0 ||| qw: Allow faded altars: false
     0 | D:1      | 0 ||| qw: Do Orc after clearing Dungeon:15 true
     0 | D:1      | 0 ||| qw: Do second Lair branch before Depths: true
     0 | D:1      | 0 ||| qw: Lair rune preference: random
     0 | D:1      | 0 ||| qw: Goals: Normal
     0 | D:1      | 0 ||| PLANNING D:1-11
    77 | D:1      | Reached skill level 3 in Dodging
   271 | D:1      | Found a faded altar of an unknown god.
   473 | D:1      | Reached XP level 2. HP: 14/14 MP: 3/3
   644 | D:1      | 644 ||| READING scroll labelled VOWUSS GULA.
   773 | D:1      | 773 ||| READING scroll labelled MESCHO FANUNUIRR.
   773 | D:1      | 773 ||| ENCHANTING +0 shortbow.
   784 | D:1      | 784 ||| READING scroll labelled RIFUNU SOASEKA.
   794 | D:1      | Found a white marble altar of Elyvilon.
   805 | D:1      | 805 ||| DRINKING 2 lumpy orange potions.
   808 | D:1      | 808 ||| DROPPING scroll of butterflies.
   809 | D:1      | 809 ||| DROPPING potion of degeneration.
  1092 | D:2      | Reached XP level 3. HP: 18/18 MP: 4/4
  1220 | D:2      | 1220 ||| UPGRADING to +0 cloak.
  1225 | D:2      | 1225 ||| READING scroll labelled EDGHIO RINLAA.
  1225 | D:2      | 1225 ||| ENCHANTING +0 cloak.
  1226 | D:2      | 1226 ||| DRINKING 3 glowing blue potions.
  1593 | D:3      | Reached XP level 4. HP: 22/22 MP: 5/5
  1617 | D:3      | Reached XP level 5. HP: 25/25 MP: 6/6
  1640 | D:3      | Noticed Natasha
  1657 | D:3      | HP: 6/26 [Natasha (8)]
  1660 | D:3      | HP: 2/26 [cerulean imp/+1 spear[Natasha] (5)]
  1661 | D:3      | Slain by a cerulean imp

Levels and vault maps discovered:
D:1:      dpeg_arrival_lava_altar, layout_loops_ring,
          dreamdust_ecumenical_altar_statues
D:2:      layout_rooms
D:3:      layout_basic, mainiacjoe_overflow_alcove_1,
          minmay_misc_feat_diagonals, uniq_natasha

Skill      XL: |  1  2  3  4  5 |
---------------+----------------+-----
Dodging        | 3 4 5 |  5.5
Ranged Weapons | 5 |  5.2
Fighting       | 2 |  2.0
Stealth        | |  1.5

Action                     |  1- 3 |  4- 6 || total
---------------------------+-------+-------++-------
   Fire: Shortbow          |    83 |    38 ||   121
    Use: Scroll            |     4 |       ||     4
         Potion            |     2 |       ||     2
 Armour: Robe              |     3 |    11 ||    14
  Dodge: Dodged            |    16 |    24 ||    40

Table legend:
 A = Non-vault XP
 B = Vault XP
 C = Vault XP percentage of total XP
 D = Non-vault monster count
 E = Vault monster count
 F = Vault count percentage of total count
                 A         B        C        D         E       F
            +---------+---------+-------+---------+---------+-------
      Total |     250 |       0 |   0.0 |      40 |       0 |   0.0
            +---------+---------+-------+---------+---------+-------
        D:1 |      19 |       0 |   0.0 |      11 |       0 |   0.0
        D:2 |      32 |       0 |   0.0 |      12 |       0 |   0.0
        D:3 |     199 |       0 |   0.0 |      17 |       0 |   0.0
            +---------+---------+-------+---------+---------+-------
